 Dungeon Crawl Stone Soup version 0.28-a0-317-g21599a725c (webtiles) character file.

Game seed: 17547231945689358983

60 McIrco the Cutter (level 4, -2/43 HPs)
             Began as a Kobold Berserker on Sept 1, 2021.
             Was a Follower of Trog.
             Killed from afar by Sigmund (7 damage)
             ... with a magic dart
             ... on level 2 of the Dungeon.
             The game lasted 00:01:11 (2050 turns).

McIrco the Cutter (Kobold Berserker)                Turns: 2050, Time: 00:01:13

Health: -2/43      AC:  2    Str: 15    XL:     4   Next: 25%
Magic:  4/4        EV: 15    Int:  8    God:    Trog [*.....]
Gold:   59         SH:  0    Dex: 14    Spells: 3/3 levels left

rFire   . . .      SeeInvis .   a - +0 short sword
rCold   . . .      Faith    .   (shield restricted)
rNeg    . . .      Spirit   .   b - +0 animal skin
rPois   .          Reflect  .   (no helmet)
rElec   .          Harm     .   (no cloak)
rCorr   .          Rampage  .   (no gloves)
Will    .....                   (no boots)
Stlth   ..........              (no amulet)
HPRegen 0.14/turn               (no ring)
MPRegen 0.09/turn               (no ring)

@: confused, berserking (expiring), lethally poisoned (-2 -> -19), very quick
A: small, no large weapons, nightstalker 3
a: Renounce Religion, Berserk


You were on level 2 of the Dungeon.
You worshipped Trog.
Trog was aware of your devotion.
You visited 1 branch of the dungeon, and saw 2 of its levels.

You collected 59 gold pieces.

Inventory:

Hand Weapons
 a - a +0 short sword (weapon)
Armour
 b - a +0 animal skin (worn)
Scrolls
 c - a scroll of teleportation {unknown}
 d - 2 scrolls of identify {unknown}
 g - a scroll of brand weapon {unknown}
Potions
 e - a potion of mutation {unknown}
 f - a potion of attraction {unknown}


   Skills:
 + Level 3.8 Fighting
 + Level 5.2 Short Blades
 + Level 1.6 Armour
 + Level 3.1 Dodging
 + Level 1.0 Stealth


You had 3 spell levels left.
You didn't know any spells.
Your spell library was empty.

Dungeon Overview and Level Annotations

Branches:
Dungeon (2/15)

Altars:

Annotations:
D:2 Sigmund


Innate Abilities, Weirdness & Mutations

You are small and have problems with some larger weapons.
You are completely attuned to the shadows.


Message History

Found 17 stones.
Sigmund the Dreaded comes into view.
He is wielding a +3 scythe of venom.
Sigmund is nearby!
Sigmund is nearby!
Sigmund is nearby!
Sigmund shouts!
Sigmund gestures at you while chanting. The puff of flame hits you!
Sigmund points at you and mumbles some strange words.
The magic dart hits you. Sigmund misses you.
A red film seems to cover your vision as you go berserk!
You feel yourself moving faster!
You feel mighty!
You closely miss Sigmund.
Sigmund points at you and mumbles some strange words.
You are confused.
You bump into the rock wall.
You bump into the rock wall.
You feel a strong urge to attack something.
Sigmund hits you with a +3 scythe of venom.
You are poisoned.
You puncture Sigmund!
Sigmund is heavily wounded.
You feel sick.
You bump into the rock wall.
You feel sick.
Sigmund's eyes start glowing with a red light.
Sigmund hits you with a +3 scythe of venom.
* * * LOW HITPOINT WARNING * * *
You are lethally poisoned!
You bump into the rock wall.
You feel a strong urge to attack something.
* * * LOW HITPOINT WARNING * * *
You feel very sick.
You hit Sigmund.
Sigmund is heavily wounded.
* * * LOW HITPOINT WARNING * * *
You feel sick.
Sigmund points at you and mumbles some strange words.
The magic dart hits you!
You die...

.#.## .....
..### ..# ..#
#.# #.# #.# .#
#. #.# .
.###.#########
#........@@..#
#.##.#######.#
#....# .
#.#### . #.# .
#.# ..# #.#
..## #.# ...##
#.#


You could see Sigmund.

Vanquished Creatures
  A gnoll (D:1)
  2 adders (D:2)
  A dart slug (D:2)
  2 endoplasms (D:1)
  A giant cockroach (D:1)
  3 goblins (D:1)
  3 hobgoblins (D:1)
  3 jackals (D:1)
  2 kobolds (D:1)
  3 quokkas (D:1)
  3 ball pythons (D:1)
  A bat (D:1)
  A frilled lizard (D:1)
  2 rats (D:1)
28 creatures vanquished.

Notes
Turn   | Place    | Note
-------+----------+-------------------------------------------
     0 | D:1      | McIrco the Kobold Berserker began the quest for the Orb.
     0 | D:1      | Reached XP level 1. HP: 14/14 MP: 1/1
    89 | D:1      | Reached XP level 2. HP: 14/19 MP: 2/2
   792 | D:1      | Reached XP level 3. HP: 23/23 MP: 3/3
  1850 | D:2      | Reached skill level 1 in Stealth
  1850 | D:2      | Reached XP level 4. HP: 29/29 MP: 4/4
  1920 | D:2      | Reached skill level 5 in Short Blades
  2039 | D:2      | Noticed Sigmund
  2050 | D:2      | Killed from afar by Sigmund

Illustrated notes

Levels and vault maps discovered:
D:1:      minmay_arrival_shoal_huts, layout_loops_ring
D:2:      layout_loops_ring, minmay_pentomino_q4, uniq_sigmund, uniq_natasha

Skill      XL: |  1  2  3  4 |
---------------+-------------+-----
Dodging        | 3 |  3.1
Stealth        | 1 |  1.0
Short Blades   | 5 |  5.2
Fighting       | |  3.8
Armour         | |  1.6

Action                   |  1- 3 |  4- 6 || total
-------------------------+-------+-------++-------
Melee: Short sword       |    86 |     8 ||    94
Invok: Berserk           |     5 |     2 ||     7
 Stab: Sleeping          |     5 |       ||     5
Armor: Animal skin       |     7 |     2 ||     9
Dodge: Dodged            |    75 |     5 ||    80

Table legend: (Time is in decaauts)
 A = Elapsed time spent in this place.
 B = Non-inter-level travel time spent in this place.
 C = Inter-level travel time spent in this place.
 D = Time resting spent in this place.
 E = Time spent auto-exploring this place.
 F = Levels seen in this place.
 G = Mean time per level.
                   A        B        C        D        E       F      G
               +--------+--------+--------+--------+--------+-----+--------+
         Total |   2115 |   2093 |     22 |    208 |   1692 |   2 | 1057.5 |
       Dungeon |   2115 |   2093 |     22 |    208 |   1692 |   2 | 1057.5 |
               +--------+--------+--------+--------+--------+-----+--------+

Top non-repeatable levels by time:
     D:1: 1780 daAuts
     D:2: 334 daAuts
